 Dungeon Crawl Stone Soup version 0.29.1-1-gd02db6906a (webtiles) character file.

Game seed: 12088843225653723056

1177 vvl the Trooper (level 8, 0/61 HPs)
             Began as a Demonspawn Fighter on Oct 10, 2022.
             Slain by an ogre
             ... wielding a +0 giant club
              (18 damage)
             ... on level 5 of the Dungeon.
             The game lasted 00:10:46 (5804 turns).

vvl the Trooper (Demonspawn Fighter)                Turns: 5804, Time: 00:10:47

Health: 0/61       AC: 10    Str: 17    XL:     8   Next: 18%
Magic:  12/12      EV: 10    Int: 12    God:
Gold:   349        SH:  5    Dex: 12    Spells: 13/13 levels left

rFire   . . .      SeeInvis .   p - +1 dagger (venom)
rCold   . . .      Faith    .   c - +0 buckler
rNeg    . . .      Spirit   .   f - +0 ring mail
rPois   .          Reflect  .   n - +0 helmet
rElec   .          Harm     .   u - scarf {repulsion}
rCorr   .          Rampage  .   (no gloves)
Will    .....                   (no boots)
Stlth   +.........              (no amulet)
HPRegen 0.20/turn               (no ring)
MPRegen 0.13/turn               (no ring)

@: marked, repel missiles
A: icy blue scales 2, demonic guardian 1, demonic magic 1, weakness stinger 2
a: no special abilities


You were on level 5 of the Dungeon.
You visited 1 branch of the dungeon, and saw 5 of its levels.

You collected 349 gold pieces.

Inventory:

Hand Weapons
 a - a +0 war axe
 p - a +1 dagger of venom (weapon)
Armour
 c - a +0 buckler (worn)
 f - a +0 ring mail (worn)
 n - a +0 helmet (worn)
 u - a scarf of repulsion (worn)
Magical Staves
 k - a staff of death
Wands
 q - a wand of iceblast (14)
 w - a wand of polymorph (9)
 x - a wand of flame (21)
Scrolls
 b - a scroll of brand weapon {unknown}
 g - 2 scrolls of poison
 h - 2 scrolls of immolation
 j - 2 scrolls of vulnerability
 o - 4 scrolls of butterflies
 r - 4 scrolls of blinking
 s - a scroll of teleportation
Potions
 d - 2 potions of might
 e - a potion of magic {unknown}
 i - 2 potions of curing
 l - a potion of mutation {unknown}
 m - 2 potions of heal wounds
 t - a potion of degeneration {unknown}
 v - a potion of brilliance {unknown}


   Skills:
 + Level 4.7 Fighting
 + Level 3.7 Axes
 + Level 4.2 Armour
 - Level 4.0 Shields
 + Level 3.2 Spellcasting
 + Level 3.4 Conjurations
 + Level 3.8 Necromancy


You had 13 spell levels left.
You didn't know any spells.
Your spell library was empty.

Dungeon Overview and Level Annotations

Branches:
Dungeon (5/15)
 Temple: D:4-7

Altars:
Makhleb


Innate Abilities, Weirdness & Mutations

You are mostly covered in icy blue scales. (AC +3)
A weak demonic guardian rushes to your aid.
Spells you cast may paralyse adjacent enemies.
You have a tail ending in a sharp stinger.


Message History

Prince Ribbit hits you but does no damage.
Prince Ribbit lets out a mournful croak.
Prince Ribbit hits you.
You closely miss Prince Ribbit.
Prince Ribbit hits you but does no damage.
You barely miss Prince Ribbit. You tail-slap Prince Ribbit!
Prince Ribbit is moderately wounded.
Prince Ribbit closely misses you. Prince Ribbit hits you!
You hit Prince Ribbit.
Prince Ribbit is poisoned.
Prince Ribbit is moderately wounded.
Prince Ribbit hits you.
You barely miss Prince Ribbit. You tail-slap Prince Ribbit.
Prince Ribbit is moderately wounded.
Prince Ribbit croaks regally.
Prince Ribbit barely misses you.
You hit Prince Ribbit.
Prince Ribbit is heavily wounded.
You block Prince Ribbit's attack.
Prince Ribbit hits you but does no damage.
You hit Prince Ribbit. You tail-slap Prince Ribbit.
Prince Ribbit is severely wounded.
Prince Ribbit blinks!
You hit the ogre but do no damage.
The ogre is poisoned.
The ogre hits you with a +0 giant club!
You are too injured to fight recklessly!
Found a lumpy pink potion.
Found an escape hatch in the ceiling.
Prince Ribbit hits you!
* * * LOW HITPOINT WARNING * * *
You are too injured to fight recklessly!
Aiming: Iceblast
Press: ? - help, Shift-Dir - straight line, f - ogre
Aim: an ogre, wielding a +0 giant club (moderately wounded, very poisoned)
The mass of ice explodes!
The iceblast engulfs the ogre!
The ogre is severely wounded.
The iceblast engulfs Prince Ribbit!
You kill Prince Ribbit!
You hit the ogre but do no damage.
The ogre looks even sicker.
The ogre is severely wounded.
The ogre hits you with a +0 giant club!!
You die...

.! #.#...#.###.##.#.#.#
... #.#...#.###.........
...<#..............#.#.#
....##...##.#### #......
..........#... #....
..........# .... #....
..........# .... #....
.......O..# ... #....
.......@..# . #....
..........# ..##'###
..........# #.......
....###...# .......F
.... #...# ........ ...
#...# ........ .. #...#
......†. #...# ........
........


You could see an ogre (very poisoned).

Vanquished Creatures
  Prince Ribbit (D:5)
  A wyvern (D:4)
  A water moccasin (D:5)
  An ogre (D:5)
  2 phantoms (D:4)
  A necrophage (D:5)
  2 scorpions (D:5)
  A crimson imp (D:4)
  A hound (D:5)
  An orc priest (D:3)
  An iguana (D:5)
  An orc wizard (D:3)
  Ijyb (D:3)
  4 adders
  3 gnolls (D:4)
  An ufetubus (D:5)
  2 worms (D:4)
  6 orcs
  4 ball pythons
  7 bats
  6 endoplasms
  4 giant cockroaches
  11 goblins
  10 hobgoblins
  3 jackals (D:3)
  4 kobolds
  2 quokkas
  2 frilled lizards
  A goblin zombie (D:4)
  2 hobgoblin zombies (D:4)
  2 kobold zombies (D:4)
  3 orc skeletons (D:4)
  7 rats
99 creatures vanquished.

Notes
Turn   | Place    | Note
-------+----------+-------------------------------------------
     0 | D:1      | vvl the Demonspawn Fighter began the quest for the Orb.
     0 | D:1      | Reached XP level 1. HP: 18/18 MP: 1/1
   181 | D:1      | Gained mutation: You are partially covered in icy blue
                  | scales. (AC +2) [demonic ancestry]
   181 | D:1      | Reached XP level 2. HP: 24/24 MP: 2/2
   951 | D:2      | Reached skill level 1 in Spellcasting
   951 | D:2      | Gained mutation: A weak demonic guardian rushes to your
                  | aid. [demonic ancestry]
   951 | D:2      | Reached XP level 3. HP: 29/29 MP: 4/4
  1223 | D:2      | Reached skill level 1 in Conjurations
  1247 | D:2      | Reached skill level 1 in Necromancy
  2467 | D:3      | You fall into a shaft and drop 1 floor!
  2492 | D:4      | Gained mutation: You are mostly covered in icy blue scales.
                  | (AC +3) [demonic ancestry]
  2492 | D:4      | Reached XP level 4. HP: 35/35 MP: 5/5
  2572 | D:3      | Found a faded altar of an unknown god.
  2809 | D:3      | Gained mutation: You have a small tail. [demonic ancestry]
  2809 | D:3      | Reached XP level 5. HP: 20/41 MP: 7/7
  3134 | D:3      | Noticed Ijyb
  3158 | D:3      | Killed Ijyb
  3454 | D:4      | Noticed a wyvern
  3471 | D:4      | Killed a wyvern
  3472 | D:4      | Gained mutation: Spells you cast may paralyse adjacent
                  | enemies. [demonic ancestry]
  3472 | D:4      | Reached XP level 6. HP: 20/48 MP: 7/9
  3957 | D:4      | Gained mutation: You have a tail ending in a sharp stinger.
                  | [demonic ancestry]
  3957 | D:4      | Reached XP level 7. HP: 38/54 MP: 10/10
  4763 | D:5      | Entered Level 5 of the Dungeon
  5238 | D:5      | Noticed Prince Ribbit
  5727 | D:5      | Reached XP level 8. HP: 50/61 MP: 12/12
  5792 | D:5      | Found a burning altar of Makhleb.
  5803 | D:5      | Killed Prince Ribbit
  5804 | D:5      | Slain by an ogre

Illustrated notes

Levels and vault maps discovered:
D:1:      dpeg_arrival_three_same_balls, layout_loops_ring, dk_noncrumbling_2,
          minivault_4, roderic_malta_cross, chequers_mini_garden
D:2:      layout_loops_corners
D:3:      kennysheep_the_goblin_king, layout_rooms,
          mainiacjoe_overflow_cross_hatched, ebering_ecumenical_altar_abandoned
D:4:      layout_loops_corners, nicolae_tso_besieged_by_evil,
          amcnicky_mini_corridor_feature
D:5:      layout_basic, makhleb_altar_promises_db, serial_glass,
          glass_columns_a, glass_columns_b, glass_columns_a, glass_columns_a,
          glass_columns_b, glass_columns_c, kennysheep_generic_room_4,
          uniq_prince_ribbit1

Skill      XL: |  1  2  3  4  5  6  7 |
---------------+----------------------+-----
Axes           | 2 3 |  3.7
Spellcasting   | 1 2 3 |  3.2
Conjurations   | 1 2 3 |  3.4
Necromancy     | 1 2 3 |  3.8
Shields        | 3 4 |  4.0
Armour         | 3 4 |  4.2
Fighting       | 4 |  4.7

Action                   |  1- 3 |  4- 6 |  7- 9 || total
-------------------------+-------+-------+-------++-------
Melee: War axe           |   139 |    46 |       ||   185
       Dagger            |       |    74 |   128 ||   202
       Tailslap          |       |     9 |    26 ||    35
Evoke: Wand              |       |       |     1 ||     1
  Use: Potion            |     1 |       |       ||     1
       Scroll            |       |       |     7 ||     7
Armor: Ring mail         |    70 |    46 |    43 ||   159
       Scale mail        |     1 |       |       ||     1
Dodge: Dodged            |    83 |    54 |    44 ||   181
Block: Buckler           |    40 |    28 |    20 ||    88
